AoeStats
← GIULIOCESARE

Arena

507394696Analyzed
1v1 RM · 13d ago on Sep 18, 2026· 23m 29s· 2 players
Game mode
Random Map
Map size
Tiny (2 player)
Population
200
Speed
Normal
Resources
Standard
Victory
Conquest
Starting age
Dark Age
Ending age
Imperial Age
RankedLock teamsTeams togetherTeam positionsShared explorationLock speedFull tech treeHidden civsTurbo modeCheats
Victory
Defeat
🇪🇨 Spanish · Ecuador
645
+17
🇮🇹 Khmer · Italy
660
-37
LA COSA DEL PANTANO
9:39 Feudal Age
10:09 Double-Bit Axe
10:05 Horse Collar
15:20 Wheelbarrow
18:06 Castle Age
19:00 Gold Mining
20:17 Bow Saw
GIULIOCESARE
0:29 Loom
12:26 Feudal Age
13:48 Wheelbarrow
13:04 Double-Bit Axe
14:09 Horse Collar
14:25 Stone Mining
16:48 Gold Mining
22:15 Castle Age
22:34 Scale Barding Armor
Connection lost

Rejoining the realm…

Still unreachable

The connection could not be restored.

Session expired

The server has moved on; the page needs a fresh start.